 Dungeon Crawl Stone Soup version 0.27-a0-681-g0c81a3c1c3 (webtiles) character file.

Game seed: 3224884156830364074

849 Ge0ff the Chucker (level 8, -1/43 HPs)
             Began as a Tengu Artificer on Mar 19, 2021.
             Was a Follower of Hepliaklqana.
             Slain by Harold
             ... wielding a +0 mace
              (8 damage)
             ... on level 9 of the Dungeon.
             The game lasted 00:12:35 (6527 turns).

Ge0ff the Chucker (Tengu Artificer)                 Turns: 6527, Time: 00:12:36

Health: -1/43      AC: 13    Str: 14    XL:     8   Next: 1%
Magic:  9/9        EV: 13    Int: 11    God:    Hepliaklqana [*.....]
Gold:   201        SH:  0    Dex: 22    Spells: 7/7 levels left

rFire    . . .     SeeInvis .   a - +2 dagger (protect)
rCold    . . .     Faith    .   (no shield)
rNeg     . . .     Spirit   .   j - +1 ring mail
rPois    .         Reflect  .   (helmet restricted)
rElec    .         Harm     .   (no cloak)
rCorr    .         Rampage  .   (no gloves)
Will     .....                  (boots unavailable)
Stlth    +.........             (no amulet)
HPRegen  0.14/turn              x - +6 ring of dexterity
MPRegen  0.11/turn              (no ring)

@: marked, protection aura, attractive, flying quickly and evasively, quick
A: reduced essence, beak, talons 3, able to fly
a: Renounce Religion, Recall Ancestor, Ancestor Identity


You were on level 9 of the Dungeon.
You worshipped Hepliaklqana.
Hepliaklqana was aware of your devotion.
You visited 2 branches of the dungeon, and saw 8 of its levels.

You collected 201 gold pieces.

Inventory:

Hand Weapons
 a - a +2 dagger of protection (weapon)
 b - a +1 fustibalus
 D - a +0 rapier
Missiles
 i - 87 stones
 l - 6 javelins
 q - 24 poisoned darts (quivered)
 s - 82 sling bullets
 v - 2 curare-tipped darts {=f}
 G - 2 boomerangs
Armour
 j - a +1 ring mail (worn)
 w - a +0 chain mail
Jewellery
 x - a +6 ring of dexterity (right hand)
Wands
 d - a wand of random effects (14)
 e - a wand of charming (13)
 f - a wand of flame (11)
 p - a wand of paralysis (3)
Scrolls
 k - a scroll of fear {unknown}
 m - a scroll of enchant armour
 o - a scroll of amnesia {unknown}
 r - a scroll of immolation {unknown}
 u - a scroll of enchant weapon
 y - a scroll of teleportation {unknown}
 B - a scroll of blinking
 F - a scroll of vulnerability {unknown}
 J - a scroll of identify {unknown}
Potions
 A - a potion of attraction
 H - a potion of lignification {unknown}
 I - a potion of berserk rage {unknown}
 K - a potion of haste {unknown}


   Skills:
 + Level 3.9 Fighting
 - Level 3.0 Short Blades
 - Level 6.0 Throwing
 - Level 3.0 Armour
 - Level 2.0 Dodging
 - Level 1.0 Stealth
 - Level 4.0 Evocations


You had 7 spell levels left.
You didn't know any spells.
Your spell library was empty.

Dungeon Overview and Level Annotations

Branches:
Dungeon (6/15)             Temple (1/1) D:4

Altars:
Ashenzari
Hepliaklqana
Kikubaaqudgha
Makhleb
Ru
Trog
Zin
The Shining One

Shops:
D:1 (   D:2 [

Annotations:
D:9 Harold


Innate Abilities, Weirdness & Mutations

Your life essence is reduced to manifest your ancestor. (-10% HP)
You have a beak for a mouth.
You have claws for feet.
You can fly continuously.


Message History

You hit Harold but do no damage.
Harold is heavily wounded.
Harold closely misses you.
Mega-Bird hits Harold but does no damage.
You hit Harold. Your kick misses Harold.
Harold is severely wounded.
Harold hits you with a +0 mace.
Mega-Bird hits Harold.
You hit Harold but do no damage. You claw Harold.
Harold is severely wounded.
Harold looks more healthy.
Harold casts a spell at you. The mark upon you grows brighter.
You hit Harold but do no damage. You claw Harold. You peck Harold.
Harold is severely wounded.
Mega-Bird hits Harold.
Harold completely misses you.
You hit Harold but do no damage. You claw Harold, but do no damage.
You peck Harold.
Harold is almost dead.
Mega-Bird closely misses Harold.
Harold hits you with a +0 mace!
You hit Harold. You claw Harold, but do no damage.
Harold is almost dead.
Mega-Bird hits Harold but does no damage.
Harold barely misses you.
You hit Harold but do no damage.
Harold is almost dead.
Mega-Bird hits Harold but does no damage.
You completely miss Harold. You peck Harold.
Harold is almost dead.
Harold hits you with a +0 mace!
* * * LOW HITPOINT WARNING * * *
Mega-Bird hits Harold.
It was a potion of attraction.
You feel attractive to monsters.
A - a potion of attraction Harold closely misses you.
Mega-Bird hits Harold but does no damage.
It was a potion of flight.
You feel more buoyant. Harold hits you with a +0 mace!
You die...

.. #. #.
#.#########
#.........#
#.........#
#....R.(..#
####...@@(..(#
+............#
####.#.#######
#.#.# # #.#
#.# #.# #.# #.


You could see the friendly Mega-Bird the ancestor and Harold (ally target).

Vanquished Creatures
  An orc warrior (D:6)
  An ogre (D:4)
  A bullfrog zombie (D:5)
  An orc priest (D:6)
  A hound (D:3)
  3 iguanas
  3 orc wizards (D:4)
  A worker ant (D:5)
  A hound skeleton (D:4)
  A gnoll (D:5)
  6 adders
  2 worms (D:2)
  2 dart slugs
  2 leopard geckos
  16 orcs
  6 bats
  3 giant cockroaches
  3 goblins
  6 hobgoblins
  2 quokkas (D:1)
  2 ball pythons
  4 frilled lizards
  10 kobolds
  6 rats
84 creatures vanquished.

Vanquished Creatures (collateral kills)
  A gnoll sergeant (D:5)
  A howler monkey (D:5)
  4 worker ants
  2 gnolls (D:5)
  An adder (D:4)
  2 white imps (D:5)
  A dart slug (D:4)
  A leopard gecko (D:5)
  2 orcs (D:4)
15 creatures vanquished.

Vanquished Creatures (others)
  An adder (D:9)
  2 ancestors
3 creatures vanquished.

Grand Total: 102 creatures vanquished

Notes
Turn   | Place    | Note
-------+----------+-------------------------------------------
     0 | D:1      | Ge0ff the Tengu Artificer began the quest for the Orb.
     0 | D:1      | Reached XP level 1. HP: 12/12 MP: 2/2
   635 | D:1      | Reached XP level 2. HP: 16/16 MP: 3/3
   672 | D:1      | Reached skill level 1 in Short Blades
   767 | D:1      | Found Biluypos's Weapon Emporium.
  1167 | D:2      | Reached XP level 3. HP: 21/21 MP: 4/4
  1290 | D:2      | Found Ycvuu's Antique Armour Shop.
  2563 | D:3      | Reached XP level 4. HP: 23/27 MP: 5/5
  3027 | D:4      | Found a broken altar of Ashenzari.
  3056 | D:3      | Reached skill level 1 in Throwing
  3332 | D:4      | Gained mutation: You can fly continuously. [Tengu growth]
  3332 | D:4      | Reached XP level 5. HP: 20/32 MP: 6/6
  3373 | D:3      | Reached skill level 2 in Throwing
  3928 | D:4      | Reached skill level 3 in Throwing
  4018 | D:4      | Found a staircase to the Ecumenical Temple.
  4027 | Temple   | Entered the Ecumenical Temple
  4036 | Temple   | Became a worshipper of Hepliaklqana the Forgotten
  4053 | D:4      | Noticed an ogre
  4057 | D:4      | Killed an ogre
  4058 | D:4      | Reached skill level 4 in Throwing
  4058 | D:4      | Reached XP level 6. HP: 33/33 MP: 7/7
  4967 | D:5      | Entered Level 5 of the Dungeon
  4992 | D:5      | Found a bloodstained altar of Trog.
  5028 | D:5      | Reached skill level 5 in Throwing
  5148 | D:5      | Reached XP level 7. HP: 36/36 MP: 8/8
  5497 | D:5      | Reached * piety under Hepliaklqana
  5758 | D:5      | Reached skill level 6 in Throwing
  6361 | D:6      | Reached XP level 8. HP: 24/43 MP: 9/9
  6502 | D:6      | You are sucked into a shaft and drop 3 floors!
  6502 | D:9      | Noticed Harold
  6527 | D:9      | Slain by Harold

Illustrated notes

Levels and vault maps discovered:
D:1:      tarquinn_simple_flora_water_e, layout_loops_ring, serial_shops, shop
D:2:      layout_basic, serial_shops, shop_fountains
D:3:      layout_basic, kennysheep_generic_room_12
D:4:      layout_loops_ring, nicolae_ashenzari_skybound,
          minmay_temple_entry_mist
D:5:      layout_cave_pods, bloody_trog
D:6:      layout_loops_cross, nicolae_ru_sacrificial_ziggurat
D:9:      layout_basic, uniq_maurice, uniq_harold
Temple:   nicolae_temple_the_god_donut

Skill      XL: |  1  2  3  4  5  6  7 |
---------------+----------------------+-----
Short Blades   | 1 2 3 |  3.0
Fighting       | 2 3 |  3.9
Throwing       | 1 4 5 6 |  6.0
Armour         | 3 |  3.0
Dodging        | 2 |  2.0
Evocations     | 4 |  4.0
Stealth        | |  1.0

Action                   |  1- 3 |  4- 6 |  7- 9 || total
-------------------------+-------+-------+-------++-------
Melee: Dagger            |    55 |    59 |    14 ||   128
       Club              |     3 |       |       ||     3
       Kick              |    14 |    16 |     5 ||    35
       Peck              |     7 |    12 |     3 ||    22
 Fire: Fustibalus        |    31 |    85 |    60 ||   176
Throw: Javelin           |    18 |       |       ||    18
       Dart              |       |     7 |     8 ||    15
Invok: Ancestor Identity |       |     1 |       ||     1
       Recall Ancestor   |       |     1 |     1 ||     2
 Abil: Fly               |       |     1 |       ||     1
Evoke: Wand              |     1 |     5 |     5 ||    11
  Use: Scroll            |     1 |     1 |     2 ||     4
       Potion            |       |     1 |     2 ||     3
 Stab: Sleeping          |     2 |       |       ||     2
       Paralysed         |       |       |     3 ||     3
Armor: Leather armour    |     4 |       |       ||     4
       Ring mail         |    25 |    33 |     5 ||    63
Dodge: Dodged            |    31 |    47 |    25 ||   103

Table legend: (Time is in decaauts)
 A = Elapsed time spent in this place.
 B = Non-inter-level travel time spent in this place.
 C = Inter-level travel time spent in this place.
 D = Time resting spent in this place.
 E = Time spent auto-exploring this place.
 F = Levels seen in this place.
 G = Mean time per level.
                   A        B        C        D        E       F      G
               +--------+--------+--------+--------+--------+-----+--------+
         Total |   6422 |   6149 |    273 |     48 |   5056 |   8 |  802.8 |
       Dungeon |   6404 |   6131 |    273 |     48 |   5056 |   7 |  914.9 |
        Temple |     18 |     18 |      0 |      0 |      0 |   1 |   18.0 |
               +--------+--------+--------+--------+--------+-----+--------+

Top non-repeatable levels by time:
     D:3: 1643 daAuts
     D:5: 1291 daAuts
     D:4: 1256 daAuts
     D:1: 1155 daAuts
     D:2: 865 daAuts
     D:6: 169 daAuts
     D:9: 22 daAuts
  Temple: 18 daAuts
